 Dungeon Sprint DCSS version 0.20.1-1-g8b1a95d (console) character file.

3082 bli the Fighter (level 10, -14/92 HPs)
             Began as a Formicid Fighter on Sept 4, 2017.
             Was an Initiate of Ru.
             Demolished by a merfolk
             ... wielding a +0 trident
              (15 damage)
             ... in the Dungeon (Sprint V: "Ziggurat Sprint") on Sept 5, 2017.
             The game lasted 00:24:14 (939 turns).

bli the Fighter (Formicid Fighter)                   Turns: 939, Time: 00:24:15

Health: -14/92     AC: 35    Str: 29    XL:     10   Next: 12%
Magic:  10/10      EV:  9    Int:  8    God:    Ru [......]
Gold:   0          SH:  0    Dex: 17    Spells: 9/9 levels left

rFire    + . .     SeeInvis +   a - +8 lance {slay drac, rPois rF+ rC+ AC+3}
rCold    + . .     Gourm    .   (no shield)
rNeg     . . .     Faith    .   T - +15 Maxwell's patent armour {-Cast -Tele rElec MR+ rCorr}
rPois    +         Spirit   .   (helmet unavailable)
rElec    +         Reflect  .   (no cloak)
rCorr    +         Harm     .   (no gloves)
MR       ++...     NoCast   +   k - +0 pair of boots {Stlth+}
Stlth    ..........             (no amulet)
Regen    0.3/turn               J - +6 ring of strength
MPRegen  0.2/turn               F - +6 ring of dexterity

@: lethally poisoned (-14 -> -22)
A: permanent stasis, dig shafts and tunnels, four strong arms, antennae 3
a: Dig, Renounce Religion


You were in the Dungeon.
You worshipped Ru.
Ru was noncommittal.
You were not hungry.

You visited 1 branch

Inventory:

Hand Weapons
 a - the +8 lance "Wyrmbane" (weapon) {slay drac, rPois rF+ rC+ AC+3}
   (You found it in the Dungeon)

   It affects your AC (+3).
   It protects you from fire.
   It protects you from cold.
   It protects you from poison.
 b - the +9 heavy crossbow "Sniper" {velocity, Acc+∞ SInv}
   (You found it in the Dungeon)

   Any bolt fired from it inflicts extra damage.
   It lets you see invisible.
 B - the +9 spear of Pain and Death {freeze, +Blink rPois Str+2 Int+3}
   (You took it off a wight in the Dungeon)

   It has been specially enchanted to freeze those struck by it, causing extra
   injury to most foes and up to half again as much damage against particularly
   susceptible opponents.
   It can also slow down cold-blooded creatures.
   It affects your strength (+2).
   It affects your intelligence (+3).
   It protects you from poison.
   It lets you blink.
 C - a +5 bardiche
 D - a +5 demon trident
 Q - the +6 Majin-Bo {vamp, Archmagi MP+6 Int+6}
   (You found it in the Dungeon)

   It inflicts no extra harm, but heals its wielder when it wounds a living foe.
   It affects your intelligence (+6).
   It affects your magic capacity (+6).
 R - the +10 dark maul {crush}
   (You found it in the Dungeon)

   It inflicts extra damage upon your enemies.
 W - the +6 shillelagh "Devastator" {shatter}
   (You found it in the Dungeon)
Missiles
 S - 1000 bolts
Armour
 c - +5 shadow dragon scales
 k - a +0 pair of boots of stealth (worn)
 o - +5 storm dragon scales
 T - the +15 Maxwell's patent armour (worn) {-Cast -Tele rElec MR+ rCorr}
   (You found it in the Dungeon)

   It insulates you from electricity.
   It affects your resistance to hostile enchantments.
   It prevents spellcasting.
   It prevents most forms of teleportation.
   It protects you from acid and corrosion.
 U - the +18 shield of the Gong {rElec rN+ MR+ EV-5}
   (You found it in the Dungeon)

   It affects your evasion (-5).
   It insulates you from electricity.
   It protects you from negative energy.
   It affects your resistance to hostile enchantments.
 X - a +5 crystal plate armour
 Z - +5 gold dragon scales
Jewellery
 q - the ring "Urisymm" {Int+8 SInv}
   (You found it in the Dungeon)

   [ring of see invisible]

   It affects your intelligence (+8).
   It lets you see invisible.
 F - a +6 ring of dexterity (right hand)
 G - a +6 ring of dexterity
 I - a +6 ring of intelligence
 J - a +6 ring of strength (left hand)
 K - a +6 ring of strength
 L - an uncursed ring of flight
Wands
 M - a wand of disintegration (7/24)
 N - a wand of iceblast (5/15)
 O - a wand of lightning (5/15)
 P - a wand of acid (5/15)
Scrolls
 r - 3 scrolls of recharging
 s - 7 scrolls of fog
 t - a scroll of holy word
 u - 5 scrolls of identify
 v - 5 scrolls of remove curse
 w - 2 scrolls of fear
 V - a scroll of brand weapon
Potions
 d - 6 potions of might
 e - 9 potions of curing
 g - 4 potions of heal wounds
 h - 6 potions of haste
 i - 7 potions of magic
 j - 3 potions of berserk rage
 l - 2 potions of brilliance
 m - 2 potions of invisibility
 n - 4 potions of resistance
 p - 5 potions of agility
Miscellaneous
 y - 3 sacks of spiders
 A - a box of beasts
 E - a lightning rod (4/4)
 H - a lamp of fire
Comestibles
 f - 5 bread rations
 x - 42 fruits
 z - 4 meat rations


   Skills:
 * Level 13.2 Fighting
 + Level 10.9 Polearms
 + Level 1.5 Crossbows
 + Level 13.1 Armour
 + Level 2.3 Dodging
 + Level 11.9 Shields


You had 9 spell levels left.
You didn't know any spells.

Dungeon Overview and Level Annotations

Branches:
Dungeon (1/1)

Altars:
Ashenzari
Cheibriados
Dithmenos
Elyvilon
Fedhas
Gozag
Hepliaklqana
Kikubaaqudgha
Makhleb
Nemelex Xobeh
Okawaru
Qazlal
Ru
Sif Muna
Trog
Uskayaw
Vehumet
Xom
Yredelemnul
Zin
The Shining One
Beogh
Jiyva
Lugonu


Innate Abilities, Weirdness & Mutations

You cannot be hasted, slowed, berserked, paralysed or teleported.
You can dig through walls and to a lower floor.
Your four strong arms can wield two-handed weapons with a shield.
You have a pair of large antennae on your head. (SInv)


Message History

You kill the centaur!
The merfolk barely misses you.
The merfolk hits you from afar with a trident.
* * * LOW HITPOINT WARNING * * *
The merfolk barely misses you. The merfolk completely misses you.
Attack whom?
Press: ? - help, Dir - move target cursor, f - merfolk
Aim: a merfolk, wielding a trident You reach to attack!
You closely miss the merfolk.
Attack whom?
Press: ? - help, Dir - move target cursor, f/p - merfolk
Aim: a merfolk, wielding a trident You reach to attack!
You impale the merfolk!!
The merfolk is heavily wounded.
The merfolk hits you but does no damage.
The merfolk hits you from afar with a trident of venom!
* * * LOW HITPOINT WARNING * * *
You are lethally poisoned!
The merfolk hits you from afar with a trident!
You die...

{{{
▓........▓........▓
▓▓▓▓▓▓▓▓▓▓▓▓▓▓▓▓▓▓▓
▓..8©8..▓
▓...::....▓...?[..▓
▓...|"....▓..}:}..▓
▓.........▓.......▓
▓.........▓.......▓
▓.....m...▓.......▓
▓.......mm▓.......▓
▓.▓....m▓|▓.......▓
▓....(.m(@▓.....†.▓
▓▓▓▓▓▓▓▓▓▓▓▓▓▓▓▓▓▓▓
▓..8©8..▓


{{{{{ ▓..)|.[.▓ {{{ ▓..|[|..▓ ▓.......▓ ▓.......▓ ▓.......▓ ▓.......▓ ▓.▓...▓.▓
▓.†.....▓ You could see 4 merfolk.

Vanquished Creatures
  A cyclops (D)
  2 komodo dragons (D)
  A jumping spider (D)
  5 merfolk (D)
  A yak (D)
  A hell hound (D)
  2 porcupines (D)
  A phantom (D)
  A centaur (D)
  A bullfrog (D)
  A scorpion (D)
  A wight (D)
  A crimson imp (D)
  A quasit (D)
  An orc wizard (D)
  An orc priest (D)
  An iron imp (D)
  A shadow imp (D)
  2 white imps (D)
  An adder zombie (D)
  An adder skeleton (D)
  2 orcs (D)
  A ball python skeleton (D)
  A giant cockroach zombie (D)
  A quokka skeleton (D)
33 creatures vanquished.

Notes
Turn   | Place    | Note
-------+----------+-------------------------------------------
     0 | D        | bli the Formicid Fighter began the quest for the Orb.
     0 | D        | Reached XP level 1. HP: 18/18 MP: 1/1
     0 | D        | Found a deep blue altar of Sif Muna.
     0 | D        | Found a sacrificial altar of Ru.
     0 | D        | Found a bloodstained altar of Trog.
     0 | D        | Found a stormy altar of Qazlal.
     0 | D        | Found an iron altar of Okawaru.
     0 | D        | Found a sparkling altar of Nemelex Xobeh.
     0 | D        | Found a blossoming altar of Fedhas.
     2 | D        | Found a transporter.
     2 | D        | Found an ancient bone altar of Kikubaaqudgha.
     2 | D        | Found a viscous altar of Jiyva.
     2 | D        | Found a corrupted altar of Lugonu.
     2 | D        | Found a hazy altar of Hepliaklqana.
     2 | D        | Found a burning altar of Makhleb.
     2 | D        | Found an opulent altar of Gozag.
    54 | D        | Became a worshipper of Ru the Awakened
    97 | D        | Reached XP level 2. HP: 24/24 MP: 2/2
   149 | D        | Entered arena 2.
   149 | D        | Noticed a jumping spider
   149 | D        | Noticed a scorpion
   149 | D        | Found a transporter.
   152 | D        | Killed a scorpion
   152 | D        | Reached XP level 3. HP: 30/31 MP: 3/3
   152 | D        | Reached XP level 4. HP: 36/38 MP: 4/4
   164 | D        | Killed a jumping spider
   164 | D        | Reached skill level 10 in Shields
   164 | D        | Reached XP level 5. HP: 15/48 MP: 5/5
   164 | D        | Reached XP level 6. HP: 17/55 MP: 6/6
   371 | D        | Entered arena 3.
   371 | D        | Noticed a phantom
   371 | D        | Found a transporter.
   389 | D        | Killed a phantom
   389 | D        | Reached skill level 10 in Armour
   389 | D        | Reached XP level 7. HP: 62/62 MP: 7/7
   392 | D        | Got the +9 spear of Pain and Death {freeze, +Blink rPois Str+2 Int+3}
   411 | D        | Entered arena 4.
   411 | D        | Found a transporter.
   447 | D        | Entered arena 5.
   447 | D        | Noticed a merfolk
   447 | D        | Noticed a merfolk
   447 | D        | Noticed a merfolk
   447 | D        | Noticed a merfolk
   447 | D        | Found a transporter.
   463 | D        | HP: 3/63 [merfolk/trident (6)]
   469 | D        | Killed a merfolk
   469 | D        | Reached skill level 5 in Polearms
   469 | D        | Reached skill level 1 in Crossbows
   486 | D        | Killed a merfolk
   486 | D        | Reached skill level 1 in Dodging
   486 | D        | Reached XP level 8. HP: 51/72 MP: 8/8
   498 | D        | Killed a merfolk
   498 | D        | Reached skill level 10 in Fighting
   509 | D        | Killed a merfolk
   751 | D        | Entered arena 6.
   751 | D        | Found a transporter.
   755 | D        | Reached XP level 9. HP: 79/79 MP: 9/9
   770 | D        | Entered arena 7.
   792 | D        | Found a transporter.
   799 | D        | Identified the Volume of Beguiling (You found it in the Dungeon)
   806 | D        | Got the ring "Urisymm" {Int+8 SInv}
   849 | D        | Entered arena 8.
   849 | D        | Noticed a komodo dragon
   849 | D        | Noticed a komodo dragon
   868 | D        | Killed a komodo dragon
   883 | D        | Killed a komodo dragon
   883 | D        | Reached skill level 10 in Polearms
   885 | D        | Found a transporter.
   909 | D        | Entered arena 9.
   909 | D        | Noticed a merfolk
   909 | D        | Noticed a merfolk
   909 | D        | Noticed a merfolk
   909 | D        | Noticed a merfolk
   909 | D        | Noticed a cyclops
   909 | D        | Noticed a merfolk
   920 | D        | Killed a merfolk
   932 | D        | Killed a cyclops
   932 | D        | Reached XP level 10. HP: 24/92 MP: 10/10
   939 | D        | HP: 1/92 [merfolk/trident of venom (16)]
   939 | D        | Demolished by a merfolk

Skill      XL: |  1  2  3  4  5  6  7  8  9 |
---------------+----------------------------+-----
Armour         | 6 7 9 10 11 13 | 13.1
Shields        | 7 8 10 11 | 11.9
Fighting       | 4 7 8 9 10 13 | 13.2
Polearms       | 3 4 6 7 10 | 10.9
Crossbows      | 1 |  1.5
Dodging        | 1 2 |  2.3

Action                   |  1- 3 |  4- 6 |  7- 9 | 10-12 || total
-------------------------+-------+-------+-------+-------++-------
Melee: Lance             |     3 |    22 |   133 |     5 ||   163
 Fire: Heavy crossbow    |       |     1 |       |       ||     1
Invok: Reject Sacrifices |       |       |     1 |       ||     1
  Use: Potion            |     1 |       |     5 |     2 ||     8
Armor: Plate armour      |       |    23 |   128 |    11 ||   162
Dodge: Dodged            |       |     7 |    60 |     6 ||    73
